 Dungeon Crawl Stone Soup version 0.28.0-53-g5a82cb258f (webtiles) character file.

Game seed: 10394929622865246572

135 Arcadio the Skirmisher (level 4, -2/37 HPs)
             Began as a Demonspawn Abyssal Knight on June 2, 2022.
             Was a Follower of Lugonu.
             Succumbed to an orc wizard's poison
             ... on level 3 of the Dungeon.
             The game lasted 00:05:50 (2644 turns).

Arcadio the Skirmisher (Demonspawn Abyssal Knight)  Turns: 2644, Time: 00:05:51

Health: -2/37      AC: 11    Str: 16    XL:     4   Next: 96%
Magic:  6/6        EV:  7    Int: 11    God:    Lugonu [*.....]
Gold:   97         SH:  0    Dex: 19    Spells: 3/3 levels left

rFire   . . .      SeeInvis .   a - +1 falchion
rCold   + . .      Faith    .   (no shield)
rNeg    . . .      Spirit   .   g - +1 chain mail {rC+}
rPois   .          Reflect  .   (no helmet)
rElec   .          Harm     .   (no cloak)
rCorr   .          Rampage  .   (no gloves)
Will    .....                   (no boots)
Stlth   ..........              h - amulet of the acrobat
HPRegen 0.12/turn               e - +6 ring of dexterity
MPRegen 0.10/turn               (no ring)

@: confused, lethally poisoned (-2 -> -12), on berserk cooldown, slowed, very
slow
A: yellow scales 1, demonic magic 1
a: Renounce Religion, Depart the Abyss


You were on level 3 of the Dungeon.
You worshipped Lugonu.
Lugonu was aware of your devotion.
You visited 1 branch of the dungeon, and saw 3 of its levels.
You visited the Abyss 1 time.

You collected 97 gold pieces.

Inventory:

Hand Weapons
 a - a +1 falchion (weapon)
Armour
 b - a +0 leather armour
 g - a +1 chain mail of cold resistance (worn)
Jewellery
 e - a +6 ring of dexterity (left hand)
 h - an amulet of the acrobat (around neck)
Wands
 k - a wand of acid (4)
Scrolls
 f - a scroll of teleportation {unknown}
 i - 2 scrolls of blinking {unknown}
 j - a scroll of magic mapping {unknown}
Potions
 d - a potion of magic


   Skills:
 + Level 3.8 Fighting
 + Level 2.7 Long Blades
 + Level 2.7 Armour
 + Level 2.2 Dodging
 - Level 2.6 Invocations


You had 3 spell levels left.
You didn't know any spells.
Your spell library was empty.

Dungeon Overview and Level Annotations

Branches:
Dungeon (3/15)

Altars:
Zin


Innate Abilities, Weirdness & Mutations

You are partially covered in yellow scales. (AC +2)
Spells you cast may paralyse adjacent enemies.


Message History

* * * LOW HITPOINT WARNING * * *
You feel sick. Something closely misses you.
Items here: ! = [ †.
You bump into the rock wall.
You feel a strong urge to attack something.
You are no longer berserk.
You are exhausted.
You feel yourself slow down.
* * * LOW HITPOINT WARNING * * *
You feel sick.
It was a potion of curing.
You feel better.
You hear some strange, mumbled words.
A magic dart appears from out of thin air!
The magic dart hits you.
* * * LOW HITPOINT WARNING * * *
You hear some strange, mumbled words.
Something tries to affect you, but you resist.
You hear some strange, mumbled words.
You are confused.
You're too confused to move!
You hear some strange, mumbled words.
Something tries to affect you, but you resist.
You feel less confused.
Something hits you but does no damage. x2
You are poisoned.
Found a stone staircase leading down.
* * * LOW HITPOINT WARNING * * *
You feel sick.
* * * LOW HITPOINT WARNING * * *
You feel sick.
You hear some strange, mumbled words.
You are confused.
You feel sick.
* * * LOW HITPOINT WARNING * * *
You feel sick.
You are no longer poisoned.
Something hits you but does no damage.
You are lethally poisoned!
You bump into the rock wall.
You die...

...>.... .. ........#
###.# ..#...... ...
#.....#.# #.# #.# #
......#.#####.####....
...................#
............#.####.#
.....#.###.#.#..#.###
..#..#@###.#†#......###
#........[)).........
##.#.###.#<#......###
#.#.# #.###..#.#####
#...##.#.# #.# #..#.# #.
#...##(#.# #.# #..#.####.
#...##.#.# #.. ...#....#.
#...##.#.....###.#####.##
#...##.#.##.## #.# #.##


There were no monsters in sight!

Vanquished Creatures
  An orc priest (D:3)
  Terence (D:2)
  2 adders (D:2)
  A worm (D:2)
  3 dart slugs
  An orc (D:3)
  4 ball pythons
  6 endoplasms
  2 giant cockroaches (D:1)
  7 hobgoblins
  6 bats
  2 frilled lizards
  8 goblins
  3 kobolds (D:1)
  3 rats
50 creatures vanquished.

Notes
Turn   | Place    | Note
-------+----------+-------------------------------------------
     0 | Abyss:1  | Arcadio the Demonspawn Abyssal Knight began the quest for
                  | the Orb.
     0 | Abyss:1  | Reached XP level 1. HP: 18/18 MP: 2/2
    57 | Abyss:1  | Noticed a wraith
    76 | Abyss:1  | Noticed an efreet
    89 | Abyss:1  | Noticed a thrashing horror
    96 | D:1      | Escaped the Abyss
   259 | D:1      | Reached skill level 1 in Dodging
   723 | D:1      | Gained mutation: Spells you cast may paralyse adjacent
                  | enemies. [demonic ancestry]
   723 | D:1      | Reached XP level 2. HP: 21/24 MP: 4/4
   764 | D:1      | Reached * piety under Lugonu
  1351 | D:1      | Gained mutation: You are partially covered in yellow
                  | scales. (AC +2) [demonic ancestry]
  1351 | D:1      | Reached XP level 3. HP: 29/29 MP: 5/5
  1659 | D:2      | Noticed Terence
  1697 | D:2      | Killed Terence
  1973 | D:2      | Reached XP level 4. HP: 30/35 MP: 6/6
  2617 | D:3      | Identified the ring "Qorghucweik" {rC++ AC+4}
  2644 | D:3      | Succumbed to an orc wizard's poison

Illustrated notes

Levels and vault maps discovered:
D:1:      minmay_arrival_checkered_box, layout_basic
D:2:      layout_rooms, basic_altar, uniq_terence
D:3:      layout_basic, mainiacjoe_overflow_catwalk, serial_shops,
          shop_fountains, shapermc_ecumenical_altar_venn, corexii_corridor_pit

Skill      XL: |  1  2  3  4 |
---------------+-------------+-----
Dodging        | 1 2 |  2.2
Long Blades    | 2 |  2.7
Armour         | 2 |  2.7
Fighting       | |  3.8
Invocations    | |  2.6

Action                   |  1- 3 |  4- 6 || total
-------------------------+-------+-------++-------
Melee: Falchion          |   104 |    50 ||   154
       Punch             |       |     1 ||     1
Invok: Depart the Abyss  |     1 |       ||     1
  Use: Scroll            |       |     3 ||     3
       Potion            |       |     2 ||     2
Armor: Leather armour    |    40 |       ||    40
       Chain mail        |     4 |    40 ||    44
Dodge: Dodged            |    58 |    29 ||    87
